 Dungeon Crawl Stone Soup version 0.31-a0-702-gf82c85558f (webtiles) character file.

Game seed: 11635996930812375338

61 qw the Shooter (level 4, -11/28 HPs)
             Began as a Gargoyle Hunter on Sept 8, 2023.
             Mangled by an iguana (12 damage)
             ... on level 4 of the Dungeon.
             The game lasted 00:00:34 (1560 turns).

qw the Shooter (Gargoyle Hunter)                    Turns: 1560, Time: 00:00:35

Health: -11/28     AC:  6    Str: 15    XL:     4   Next: 7%
Magic:  4/4        EV: 11    Int:  9    God:
Gold:   92         SH:  0    Dex: 15    Spells: 3/3 levels left

rFire   . . .        Y - +0 shortbow
rCold   . . .        (shield currently unavailable)
rNeg    + . .        c - +0 leather armour
rPois   inf          (no helmet)
rElec   +            (no cloak)
rCorr   .            (no gloves)
SInv    .            (no boots)
Will    .....        (no amulet)
Stlth   ++           (no ring)
HPRegen 0.24/turn    (no ring)
MPRegen 0.09/turn

%: no passive effects
@: no status effects
A: sickness immunity, AC +3, negative energy resistance 1, electricity
resistance, torment resistance 1, petrification resistance
a: no special abilities


You were on level 4 of the Dungeon.
You visited 1 branch of the dungeon, and saw 4 of its levels.

You collected 92 gold pieces.


Innate Abilities, Weirdness & Mutations

You are immune to sickness and miasma.
Your stone body is resilient. (AC +3)
You are immune to poison.
You resist negative energy. (rN+)
You are resistant to electric shocks. (rElec)
You are resistant to unholy torment.
You are immune to petrification.


   Skills:
 - Level 3.0 Fighting
 + Level 5.1 Ranged Weapons
 - Level 1.5 Dodging
 - Level 1.1 Stealth


You had 3 spell levels left.
You didn't know any spells.
Your spell library was empty.

Inventory:

Hand Weapons
 Y - a +0 shortbow (weapon)
Armour
 c - a +0 leather armour (worn)
Scrolls
 a - a scroll of identify
Potions
 b - a potion of haste {unknown}
 d - a potion of resistance {unknown}
 e - a potion of curing
 f - a potion of magic {unknown}
 g - a potion of heal wounds {unknown}

Dungeon Overview and Level Annotations

Branches:
Dungeon (3/15)

Altars:

Annotations:
D:4 Dowan, Duvessa


Message History

Dowan points at you and mumbles some strange words.
The puff of frost hits you.
An iguana comes into view.
You hear a shout!
You shoot an arrow. The arrow hits the iguana!
The iguana is heavily wounded.
Dowan gestures at you while chanting. The puff of flame hits you!
You shoot an arrow. The arrow completely misses the iguana.
You shoot an arrow. The arrow barely misses the iguana.
Duvessa, Sister of Dowan comes into view.
She is wielding a +2 short sword of venom and wearing a +1 leather armour of fire resistance.
The iguana bites you.
The iguana bites you but does no damage.
1553 |||
Found retreat position at -2,-3 (floor) with 0 blocking monsters and 1 monsters attacking at destination at distance 3
1553 ||| Stepping ~*~*~tactically~*~*~ (retreating).
Dowan attacks as he pursues you! Dowan misses you.
You shoot an arrow.
The arrow hits the iguana but does no damage.
The iguana is heavily wounded.
The iguana barely misses you. Dowan misses you.
1555 |||
Found retreat position at -1,-2 (floor) with 0 blocking monsters and 1 monsters attacking at destination at distance 2
1555 ||| Stepping ~*~*~tactically~*~*~ (retreating).
Dowan gestures wildly while chanting.
Dowan blinks!
1556 |||
Found retreat position at -1,-1 (floor) with 0 blocking monsters and 1 monsters attacking at destination at distance 1
1556 ||| Stepping ~*~*~tactically~*~*~ (retreating).
The iguana attacks as it pursues you! The iguana barely misses you.
You shoot an arrow.
The arrow hits the iguana but does no damage.
The iguana is heavily wounded.
The iguana bites you.
You shoot an arrow. The arrow barely misses the iguana.
The iguana bites you!
You shoot an arrow.
The arrow hits the iguana but does no damage.
The iguana is heavily wounded.
The iguana barely misses you.
You shoot an arrow. The arrow closely misses the iguana.
The iguana bites you!
You die...

#................##
##.##..............#
#.####..............
. ##.#
##...####...... ...
##.## #.### #....##
#..##..# #.# #.....~
#.....## ..#
#.......
#......####..#
#.......
#....#..@##..##
#.#.#.#..
#.....#####l#...
#.#... #.....
#..#.#.#... ......
##e......#
.!............#.....
...#.###.#....# ..#
... ........# .
.....##.... .....
..#.#.


You could see Dowan and an iguana.

Vanquished Creatures
  An adder (D:2)
  3 worms (D:2)
  2 dart slugs (D:1)
  3 ball pythons
  2 bats (D:1)
  5 endoplasms
  A giant cockroach (D:1)
  4 goblins
  2 hobgoblins (D:2)
  6 kobolds
  2 quokkas (D:1)
  7 rats
38 creatures vanquished.

Notes
Turn   | Place    | Note
-------+----------+-------------------------------------------
     0 | D:1      | qw the Gargoyle Hunter began the quest for the Orb.
     0 | D:1      | Reached XP level 1. HP: 12/12 MP: 1/1
     0 | D:1      | 0 ||| qw: Version: 0.3-a-76-g4403597
     0 | D:1      | 0 ||| qw: Game counter: 1196
     0 | D:1      | 0 ||| qw: Melee chars always use a shield: true
     0 | D:1      | 0 ||| qw: God list: Okawaru
     0 | D:1      | 0 ||| qw: Allow faded altars: false
     0 | D:1      | 0 ||| qw: Do Orc after clearing Dungeon:15 true
     0 | D:1      | 0 ||| qw: Do second Lair branch before Depths: true
     0 | D:1      | 0 ||| qw: Lair rune preference: random
     0 | D:1      | 0 ||| qw: Goals: Normal
     0 | D:1      | 0 ||| PLANNING D:1-11
   153 | D:1      | Reached XP level 2. HP: 17/17 MP: 2/2
   161 | D:1      | Found a faded altar of an unknown god.
   511 | D:1      | Reached XP level 3. HP: 21/21 MP: 3/3
   585 | D:1      | Reached skill level 5 in Ranged Weapons
   964 | D:1      | 964 ||| READING 3 scrolls labelled XUIMUR WAAXT.
   965 | D:1      | 965 ||| READING scroll labelled KISA BEEDGH.
   966 | D:1      | 966 ||| READING scroll labelled RAITRI KERE.
   967 | D:1      | 967 ||| DRINKING 2 fuming dark potions.
   968 | D:1      | 968 ||| DRINKING 2 lumpy ruby potions.
   969 | D:1      | 969 ||| READING 2 scrolls of identify.
   969 | D:1      | 969 ||| IDENTIFYING sapphire potion
   970 | D:1      | 970 ||| DROPPING scroll of butterflies.
   971 | D:1      | 971 ||| DROPPING potion of attraction.
   972 | D:1      | 972 ||| DROPPING potion of brilliance.
  1361 | D:2      | Reached skill level 3 in Fighting
  1384 | D:2      | Reached XP level 4. HP: 28/28 MP: 4/4
  1502 | D:3      | You fall into a shaft and drop 1 floor!
  1545 | D:4      | Noticed Dowan
  1552 | D:4      | Noticed Duvessa
  1553 | D:4      | 1553 ||| Stepping ~*~*~tactically~*~*~ (retreating).
  1555 | D:4      | 1555 ||| Stepping ~*~*~tactically~*~*~ (retreating).
  1556 | D:4      | 1556 ||| Stepping ~*~*~tactically~*~*~ (retreating).
  1558 | D:4      | HP: 1/28 [iguana (7)]
  1560 | D:4      | Mangled by an iguana

Levels and vault maps discovered:
D:1:      tarquinn_simple_flora_water_d, layout_basic,
          hellmonk_ecumenical_altar_pennies_from_heaven
D:2:      layout_rooms
D:3:      cheibrodos_old_hovel, layout_basic, gammafunk_ghost_gnarly_gnolls,
          grunt_decor_arrowhead, nicolae_houndstooth_variations, uniq_jessica
D:4:      nicolae_cairo_tiling_large_dashed, layout_layer_cave,
          mainiacjoe_overflow_boulevard, chequers_serial_rivers_micro_c,
          serial_bayou_pond_d, minmay_misc_feat_ornament,
          chequers_serial_rivers_small_a, moated_statue,
          kennysheep_generic_room_13, uniq_duvessa

Skill      XL: |  1  2  3 |
---------------+----------+-----
Ranged Weapons | 5 |  5.1
Fighting       | 3 |  3.0
Dodging        | |  1.5
Stealth        | |  1.1

Action                     |  1- 3 |  4- 6 || total
---------------------------+-------+-------++-------
   Fire: Shortbow          |   125 |    11 ||   136
    Use: Scroll            |     4 |       ||     4
         Potion            |     2 |       ||     2
 Armour: Leather armour    |    23 |     7 ||    30
  Dodge: Dodged            |    25 |     5 ||    30

Table legend:
 A = Non-vault XP
 B = Vault XP
 C = Vault XP percentage of total XP
 D = Non-vault monster count
 E = Vault monster count
 F = Vault count percentage of total count
                 A         B        C        D         E       F
            +---------+---------+-------+---------+---------+-------
      Total |      88 |       0 |   0.0 |      38 |       0 |   0.0
            +---------+---------+-------+---------+---------+-------
        D:1 |      42 |       0 |   0.0 |      22 |       0 |   0.0
        D:2 |      45 |       0 |   0.0 |      15 |       0 |   0.0
        D:3 |       1 |       0 |   0.0 |       1 |       0 |   0.0
            +---------+---------+-------+---------+---------+-------
